 Dungeon Crawl Stone Soup version 0.24-a0-451-g263dff2034 (webtiles) character file.

Game seed: 4400886094988788170

5148 PgLoLo the Martial Artist (level 10, -4/91 HPs)
             Began as a Gnoll Transmuter on June 26, 2019.
             Was a Believer of Sif Muna.
             Slain by a two-headed ogre
             ... wielding a +0 giant club
              (33 damage)
             ... on level 8 of the Dungeon.
             The game lasted 00:28:57 (9583 turns).

PgLoLo the Martial Artist (Gnoll Transmuter)        Turns: 9583, Time: 00:28:57

Health: -4/91      AC:  6    Str: 13    XL:     10   Next: 59%
Magic:  20/21      EV: 14    Int: 18    God:    Sif Muna [**....]
Gold:   836        SH:  0    Dex: 16    Spells: 10/23 levels left

rFire    x . .     SeeInvis .     - Unarmed
rCold    + + +     Gourm    .   (shield currently unavailable)
rNeg     . . .     Faith    .   (armour currently unavailable)
rPois    +         Spirit   .   (helmet currently unavailable)
rElec    .         Reflect  .   (cloak currently unavailable)
rCorr    .         Harm     .   (gloves currently unavailable)
MR       .....                  (boots currently unavailable)
Stlth    +++.......             (no amulet)
HPRegen  0.25/turn              (no ring)
MPRegen  0.17/turn              (no ring)

@: ice-form
A: large, distributed training, strong nose
a: End Transformation, Divine Energy, Renounce Religion


You were on level 8 of the Dungeon.
You worshipped Sif Muna.
Sif Muna was pleased with you.
You were not hungry.
You were a creature of crystalline ice.
You visited 2 branches of the dungeon, and saw 9 of its levels.

You collected 836 gold pieces.

Inventory:

Hand Weapons
 a - the +3 hand axe "Saclan" {vamp, rF+}
   (You found it on level 5 of the Dungeon)

   It inflicts no extra harm, but heals its wielder when it wounds a living foe.
   It protects you from fire.
 b - a +0 fustibalus (melded)
 K - a +0 vampiric whip
Missiles
 k - 167 stones (quivered)
 m - 16 sling bullets
 D - 55 arrows
 G - 4 boomerangs
Armour
 e - a +0 pair of boots (melded)
 u - a +0 pair of gloves (melded)
 H - a +0 robe (melded)
 M - a +3 ring mail of positive energy
Magical Staves
 w - an uncursed staff of power
Jewellery
 s - an uncursed ring of resist corrosion {unknown}
 C - an uncursed ring of resist corrosion {unknown}
Wands
 c - a wand of flame (16)
 y - a wand of disintegration (16)
 J - a wand of enslavement (12)
Scrolls
 g - 2 scrolls of remove curse {unknown}
 l - 5 scrolls of identify {unknown}
 o - 3 scrolls of teleportation {unknown}
 p - 2 scrolls of blinking {unknown}
 q - a scroll of fear {unknown}
 r - a scroll of immolation {unknown}
 t - 3 scrolls of enchant armour {unknown}
 z - 3 scrolls of noise {unknown}
 A - a scroll of enchant weapon {unknown}
 E - 3 scrolls of magic mapping {unknown}
 F - 2 scrolls of random uselessness {unknown}
 I - a scroll of fog {unknown}
Potions
 f - 3 potions of lignification {unknown}
 h - 4 potions of curing {unknown}
 i - 2 potions of agility
 j - a potion of flight {unknown}
 n - a potion of mutation {unknown}
 v - a potion of magic {unknown}
 x - 3 potions of might {unknown}
 B - 2 potions of heal wounds
 N - a potion of invisibility {unknown}
Comestibles
 d - 18 rations
 L - 10 chunks of flesh


   Skills:
 + Level 6.0 Fighting
 + Level 5.3 Short Blades
 + Level 5.3 Long Blades
 + Level 5.3 Axes
 + Level 5.3 Maces & Flails
 + Level 5.3 Polearms
 + Level 5.3 Staves
 + Level 5.3 Slings
 + Level 5.3 Bows
 + Level 5.3 Crossbows
 + Level 5.3 Throwing
 + Level 5.3 Armour
 + Level 7.1 Dodging
 + Level 5.3 Stealth
 + Level 5.3 Shields
 + Level 8.5 Unarmed Combat
 + Level 7.4 Spellcasting
 + Level 4.4 Conjurations
 + Level 4.4 Hexes
 + Level 4.4 Charms
 + Level 4.4 Summonings
 + Level 4.4 Necromancy
 + Level 4.4 Translocations
 + Level 5.9 Transmutations
 + Level 4.4 Fire Magic
 + Level 4.4 Ice Magic
 + Level 4.4 Air Magic
 + Level 4.4 Earth Magic
 + Level 4.4 Poison Magic
 + Level 5.8 Invocations
 + Level 5.3 Evocations


You had 10 spell levels left.
You knew the following spells:

 Your Spells              Type           Power        Failure   Level  Hunger
a - Ice Form              Ice/Tmut       ####....     12%         4    ###....
b - Beastly Appendage     Tmut           ####..       1%          1    None
c - Blade Hands           Tmut           ####......   26%         5    #####..
d - Spider Form           Tmut/Pois      ####......   3%          3    #......

Your spell library contained the following spells:

 Spells                   Type           Power        Failure   Level  Hunger
 Animate Skeleton         Necr           N/A          1%          1    None
 Apportation              Tloc           ###...       1%          1    None
 Confusing Touch          Hex            ###...       1%          1    None
 Summon Butterflies       Summ           ###.....     1%          1    None
 Summon Small Mammal      Summ           ###.         1%          1    None
 Sticks to Snakes         Tmut           ####....     1%          2    None
 Lesser Beckoning         Tloc           ###.......   4%          3    #......
 Tukima's Dance           Hex            ###.....     4%          3    #......
 Alistair's Intoxication  Tmut/Pois      ####....     34%         5    #####..
 Invisibility             Hex            ###.....     95%         6    ######.


Dungeon Overview and Level Annotations

Branches:
Dungeon (8/15)             Temple (1/1) D:4
   Lair: D:8-11

Altars:
Ashenzari
Cheibriados
Dithmenos
Elyvilon
Fedhas
Gozag
Hepliaklqana
Kikubaaqudgha
Makhleb
Nemelex Xobeh
Okawaru
Qazlal
Ru
Sif Muna
Trog
Uskayaw
Vehumet
Wu Jian
Xom
Yredelemnul
Zin
The Shining One
Lugonu

Shops:
D:6 :


Innate Abilities, Weirdness & Mutations

Your experience applies equally to all skills.
((You have very sharp teeth.))
Your uncanny sense of smell can sniff out nearby items.


Message History

No target in view!
k - 167 stones (gained 1)
Found 14 arrows.
An adder and a two-headed ogre come into view.
A worker ant comes into view.
You hit the two-headed ogre. You freeze the two-headed ogre.
The two-headed ogre is lightly wounded.
The two-headed ogre closely misses you.
The two-headed ogre hits you with a +0 giant club!
You hit the two-headed ogre. You freeze the two-headed ogre.
The two-headed ogre is lightly wounded.
You hit the two-headed ogre but do no damage.
The two-headed ogre is lightly wounded.
The two-headed ogre hits you with a +0 giant club!!!
The two-headed ogre hits you with a +0 giant club!!
You hear a bark!
You punch the two-headed ogre! You freeze the two-headed ogre.
The two-headed ogre is moderately wounded.
The two-headed ogre hits you with a +0 giant club!!
You die...

#.( .. ## #.# ..
.. .# #a #.## .#
#.# #. ..# .# #.#
#. #.##.# #.#
...#.#.####..#.#
#.####
.........SOY...#
#.#.. #
.........###...#
#.#.#.#
#........#
##..#######.#.#.#
#........#
#......รท.......#
##########
#.>.......##.###
##........##.#
#........##.#
#.......)##.###
#........##...)


You could see a two-headed ogre and an adder.

Vanquished Creatures
  Harold (D:6)
  A two-headed ogre (D:8)
  Grinder (D:3)
  4 hippogriffs
  Sigmund (D:3)
  2 humans (D:7)
  2 sky beasts
  2 orc warriors (D:7)
  3 phantoms
  3 ogres
  3 centaurs
  A crocodile (D:7)
  4 bullfrogs
  2 scorpions
  A water moccasin skeleton (D:4)
  A bullfrog zombie (D:6)
  2 crimson imps (D:7)
  4 hounds
  4 orc priests
  A jelly (D:6)
  An iguana (D:5)
  4 orc wizards
  A killer bee zombie (D:6)
  A worker ant zombie (D:7)
  5 gnolls (D:7)
  11 adders
  A howler monkey skeleton (D:7)
  2 shadow imps (D:7)
  3 oozes
  An adder zombie (D:6)
  5 worms
  4 dart slugs
  7 leopard geckos
  18 orcs
  A ball python (D:7)
  4 giant cockroaches
  7 goblins
  8 hobgoblins
  13 jackals
  4 quokkas
  8 bats
  5 frilled lizards
  5 kobolds
  A leopard gecko skeleton (D:7)
  2 quokka skeletons
  10 rats
175 creatures vanquished.

Notes
Turn   | Place    | Note
-------+----------+-------------------------------------------
     0 | D:1      | PgLoLo the Gnoll Transmuter began the quest for the Orb.
     0 | D:1      | Reached XP level 1. HP: 17/17 MP: 6/6
   336 | D:1      | Reached XP level 2. HP: 23/23 MP: 7/7
  1145 | D:1      | Reached XP level 3. HP: 28/28 MP: 7/9
  1150 | D:1      | Learned a level 3 spell: Spider Form
  1196 | D:1      | Reached skill level 5 in Spellcasting
  1273 | D:2      | Reached skill level 1 in Invocations
  1605 | D:2      | Reached skill level 1 in Short Blades
  1605 | D:2      | Reached skill level 1 in Long Blades
  1605 | D:2      | Reached skill level 1 in Axes
  1605 | D:2      | Reached skill level 1 in Maces & Flails
  1605 | D:2      | Reached skill level 1 in Polearms
  1605 | D:2      | Reached skill level 1 in Staves
  1605 | D:2      | Reached skill level 1 in Slings
  1605 | D:2      | Reached skill level 1 in Bows
  1605 | D:2      | Reached skill level 1 in Crossbows
  1605 | D:2      | Reached skill level 1 in Throwing
  1605 | D:2      | Reached skill level 1 in Armour
  1605 | D:2      | Reached skill level 1 in Stealth
  1605 | D:2      | Reached skill level 1 in Shields
  1605 | D:2      | Reached skill level 1 in Evocations
  1892 | D:2      | Reached XP level 4. HP: 34/34 MP: 7/11
  2033 | D:2      | Reached skill level 1 in Conjurations
  2033 | D:2      | Reached skill level 1 in Hexes
  2033 | D:2      | Reached skill level 1 in Charms
  2033 | D:2      | Reached skill level 1 in Summonings
  2033 | D:2      | Reached skill level 1 in Necromancy
  2033 | D:2      | Reached skill level 1 in Translocations
  2033 | D:2      | Reached skill level 1 in Fire Magic
  2033 | D:2      | Reached skill level 1 in Ice Magic
  2033 | D:2      | Reached skill level 1 in Air Magic
  2033 | D:2      | Reached skill level 1 in Earth Magic
  2033 | D:2      | Reached skill level 1 in Poison Magic
  2150 | D:2      | Reached XP level 5. HP: 36/40 MP: 8/12
  2386 | D:3      | Noticed Sigmund
  2396 | D:3      | Killed Sigmund
  2396 | D:3      | Reached skill level 5 in Dodging
  2396 | D:3      | Reached XP level 6. HP: 47/47 MP: 14/14
  2490 | D:3      | Noticed Grinder
  2500 | D:3      | Paralysed by Grinder for 5 turns
  2513 | D:3      | Killed Grinder
  2513 | D:3      | Reached skill level 7 in Unarmed Combat
  2513 | D:3      | Reached XP level 7. HP: 34/52 MP: 15/15
  2591 | D:3      | Found a bloodstained altar of Trog.
  2591 | D:3      | Found an ancient bone altar of Kikubaaqudgha.
  2594 | D:3      | Found a shadowy altar of Dithmenos.
  2598 | D:3      | Found a glowing golden altar of the Shining One.
  2598 | D:3      | Found a sparkling altar of Nemelex Xobeh.
  2598 | D:3      | Found a blossoming altar of Fedhas.
  2598 | D:3      | Found a burning altar of Makhleb.
  2598 | D:3      | Found a shimmering altar of Xom.
  2599 | D:3      | Found a sacrificial altar of Ru.
  2600 | D:3      | Found a stormy altar of Qazlal.
  2604 | D:3      | Found a basalt altar of Yredelemnul.
  2607 | D:3      | Found an ornate altar of the Wu Jian Council.
  3247 | D:4      | Found a staircase to the Ecumenical Temple.
  3258 | Temple   | Entered the Ecumenical Temple
  3274 | Temple   | Became a worshipper of Sif Muna the Loreminder
  3705 | D:4      | Learned a level 5 spell: Blade Hands
  4045 | D:4      | You fall into a shaft and drop 2 floors!
  4061 | D:6      | Found Jutev's Book Shoppe.
  4112 | D:5      | Entered Level 5 of the Dungeon
  4150 | D:5      | Reached XP level 8. HP: 60/60 MP: 16/16
  5392 | D:5      | Got a jewelled hand axe
  5393 | D:5      | Identified the +3 hand axe "Saclan" {vamp, rF+} (You found
                  | it on level 5 of the Dungeon)
  6549 | D:7      | Noticed a hippogriff
  6614 | D:7      | Killed a hippogriff
  6614 | D:7      | Reached * piety under Sif Muna
  6614 | D:7      | Reached skill level 5 in Transmutations
  6614 | D:7      | Reached XP level 9. HP: 15/66 MP: 12/18
  6996 | D:7      | Found an iron altar of Okawaru.
  7488 | D:7      | Reached skill level 5 in Fighting
  7995 | D:7      | Reached skill level 8 in Unarmed Combat
  8136 | D:7      | Noticed Harold
  8293 | D:6      | Killed Harold
  8293 | D:6      | Reached skill level 5 in Invocations
  8293 | D:6      | Reached XP level 10. HP: 41/74 MP: 18/20
  8454 | D:7      | Reached ** piety under Sif Muna
  8652 | D:7      | Learned a level 4 spell: Ice Form
  8765 | D:7      | Reached skill level 5 in Short Blades
  8765 | D:7      | Reached skill level 5 in Long Blades
  8765 | D:7      | Reached skill level 5 in Axes
  8765 | D:7      | Reached skill level 5 in Maces & Flails
  8765 | D:7      | Reached skill level 5 in Polearms
  8765 | D:7      | Reached skill level 5 in Staves
  8765 | D:7      | Reached skill level 5 in Slings
  8765 | D:7      | Reached skill level 5 in Bows
  8765 | D:7      | Reached skill level 5 in Crossbows
  8765 | D:7      | Reached skill level 5 in Throwing
  8765 | D:7      | Reached skill level 5 in Armour
  8765 | D:7      | Reached skill level 5 in Stealth
  8765 | D:7      | Reached skill level 5 in Shields
  8765 | D:7      | Reached skill level 5 in Evocations
  9346 | D:8      | Found a white marble altar of Elyvilon.
  9346 | D:8      | Found a snail-covered altar of Cheibriados.
  9366 | D:8      | Noticed a two-headed ogre
  9374 | D:8      | Killed a two-headed ogre
  9572 | D:8      | Noticed a two-headed ogre
  9583 | D:8      | Slain by a two-headed ogre

Levels and vault maps discovered:
D:1:      lightli_arrival_quake, layout_basic
D:2:      layout_rooms, minmay_pentomino_r4
D:3:      layout_loops_ring, minitemple, due_unseen_surprise, uniq_sigmund,
          uniq_grinder
D:4:      layout_basic, minmay_temple_entry_butterflies, first_ration,
          nzn_random_ring
D:5:      layout_loops_cross, hangedman_decor_growths
D:6:      layout_loops_ring, serial_shops, shop_coins
D:7:      minmay_polygon_palace, layout_basic, grunt_ogre_cave, okawaru_humans,
          uniq_harold
D:8:      layout_basic, chequers_temple_overflow_statue_of_worship,
          gammafunk_ghost_necromancy, uniq_psyche, uniq_maurice
Temple:   corrupted_temple

Skill      XL: |  1  2  3  4  5  6  7  8  9 10 |
---------------+-------------------------------+-----
Spellcasting   | 5 6 7 |  7.4
Invocations    | 1 2 3 4 5 |  5.8
Short Blades   | 1 2 3 4 5 |  5.3
Long Blades    | 1 2 3 4 5 |  5.3
Axes           | 1 2 3 4 5 |  5.3
Maces & Flails | 1 2 3 4 5 |  5.3
Polearms       | 1 2 3 4 5 |  5.3
Staves         | 1 2 3 4 5 |  5.3
Slings         | 1 2 3 4 5 |  5.3
Bows           | 1 2 3 4 5 |  5.3
Crossbows      | 1 2 3 4 5 |  5.3
Throwing       | 1 2 3 4 5 |  5.3
Armour         | 1 2 3 4 5 |  5.3
Stealth        | 1 2 3 4 5 |  5.3
Shields        | 1 2 3 4 5 |  5.3
Evocations     | 1 2 3 4 5 |  5.3
Conjurations   | 1 2 3 4 |  4.4
Hexes          | 1 2 3 4 |  4.4
Charms         | 1 2 3 4 |  4.4
Summonings     | 1 2 3 4 |  4.4
Necromancy     | 1 2 3 4 |  4.4
Translocations | 1 2 3 4 |  4.4
Fire Magic     | 1 2 3 4 |  4.4
Ice Magic      | 1 2 3 4 |  4.4
Air Magic      | 1 2 3 4 |  4.4
Earth Magic    | 1 2 3 4 |  4.4
Poison Magic   | 1 2 3 4 |  4.4
Fighting       | 3 4 5 6 |  6.0
Dodging        | 5 6 7 |  7.1
Transmutations | 4 5 |  5.9
Unarmed Combat | 7 8 |  8.5

Action                   |  1- 3 |  4- 6 |  7- 9 | 10-12 || total
-------------------------+-------+-------+-------+-------++-------
Melee: Unarmed           |    33 |    67 |   194 |    87 ||   381
       Whip              |   103 |     7 |   119 |       ||   229
       Bite              |    16 |     3 |    12 |       ||    31
       Kick              |     1 |       |       |       ||     1
       Headbutt          |     2 |       |       |       ||     2
       Punch             |     1 |     1 |     8 |       ||    10
       Staff             |       |    17 |       |       ||    17
       Hand axe          |       |       |    54 |       ||    54
 Fire: Fustibalus        |       |       |    36 |     5 ||    41
Throw: Stone             |       |       |     3 |       ||     3
 Cast: Beastly Appendage |     7 |       |       |       ||     7
       Spider Form       |     4 |     8 |    31 |     2 ||    45
       Ice Form          |       |       |       |     8 ||     8
 Stab: Sleeping          |       |     3 |     5 |       ||     8
  Eat: Chunk             |     3 |     3 |    20 |     5 ||    31
Armor: Robe              |    11 |     7 |    26 |     1 ||    45
       Skin              |     1 |     3 |     2 |    13 ||    19
Dodge: Dodged            |    97 |    66 |   305 |    60 ||   528

Table legend:
 A = Non-vault XP
 B = Vault XP
 C = Vault XP percentage of total XP
 D = Non-vault monster count
 E = Vault monster count
 F = Vault count percentage of total count
                 A         B        C        D         E       F
            +---------+---------+-------+---------+---------+-------
      Total |    4603 |    2752 |  37.4 |     156 |      19 |  10.9
            +---------+---------+-------+---------+---------+-------
        D:1 |      40 |       0 |   0.0 |      22 |       0 |   0.0
        D:2 |     114 |      16 |  12.3 |      26 |       2 |   7.1
        D:3 |     167 |     504 |  75.1 |      31 |       2 |   6.1
        D:4 |     532 |       0 |   0.0 |      14 |       0 |   0.0
        D:5 |     175 |       0 |   0.0 |      13 |       0 |   0.0
        D:6 |     843 |    1047 |  55.4 |      16 |       2 |  11.1
        D:7 |    1454 |    1185 |  44.9 |      29 |      13 |  31.0
        D:8 |    1278 |       0 |   0.0 |       5 |       0 |   0.0
            +---------+---------+-------+---------+---------+-------
